[Event "21st Bangkok CC Open 2024"]
[Site "Bangkok"]
[Date "2024.04.20"]
[Round "8.1"]
[White "Bernadskiy, Vitaliy"]
[Black "Zhao, Zong-Yuan"]
[Result "1-0"]
[ECO "C07"]
[WhiteElo "2561"]
[BlackElo "2485"]
[Annotator "TA"]
[PlyCount "67"]
[EventDate "2024.04.13"]
[EventType "swiss"]
[EventCountry "THA"]
[SourceTitle "playchess.com"]
[Source "ChessBase"]
[SourceQuality "1"]
[TimeControl "40/5400+30:1800+30"]

1. e4 e6 2. d4 d5 3. Nd2 c5 4. exd5 Qxd5 5. Ngf3 cxd4 6. Bc4 Qd7 7. O-O {[%emt 0:00:06][%mdl 1024] White has compensation.} Nc6 8. Nb3 Nf6 {[%emt 0:01:29] The position is equal.} 9. Qe2 a6 10. a4 Bd6 11. Rd1 Qc7 12. Nbxd4 Ne7 {[%emt 0:00:05] [#] Prevents Nf5.} 13. Bb5+ $1 Bd7 (13... axb5 14. Nxb5 Bxh2+ 15. Nxh2 $18) 14. Bxd7+ Nxd7 15. a5 e5 16. Nb3 Nf6 (16... Rd8 $11) 17. g3 h6 {[%emt 0:11:31] Repels Bg5} (17... O-O $5) 18. Be3 {[%emt 0:11:02] Hoping for Bb6.} O-O 19. Bb6 Qb8 20. Nbd2 Ng6 21. Nc4 Bc7 22. Nfd2 {[%emt 0:00:21] White has more active pieces.} Qc8 23. Ne4 Nd7 {[%emt 0:00:07] A mistake that costs the game.} (23... Nxe4 $16 {was necessary.} 24. Qxe4 f5 25. Qd5+ Kh8) 24. Ra3 $18 Bxb6 25. axb6 Nf6 26. Nxf6+ gxf6 27. Rd6 Qc5 (27... Re8 $142 28. Rxf6 Re6) 28. Rf3 Rac8 29. b3 Rc6 30. Rfxf6 ({Less strong is} 30. Rdxf6 Nf4 31. R3xf4 (31. gxf4 Rxf6 32. Nxe5 Re8 $16) 31... exf4 32. Rxf4 Rg6 $16) 30... Rxd6 31. Nxd6 {[%emt 0:00:15] Nf5 would now be deadly.} Qxb6 32. Qc4 Ne7 33. Qg4+ Kh7 {[%emt 0:00:10] [#]} 34. Ne8 $1 {[%emt 0:00:06][%mdl 512] Weighted Error Value: White=0.04 (flawless) /Black=0.56.  Loses game:     	---       	Black=1      Mistake:       	---       	Black=2      Inaccurate:     	White=2     	Black=5      OK:         	White=17    	Black=7      Best:        	White=2     	---} 1-0

[Event "21st Bangkok CC Open 2024"]
[Site "Bangkok"]
[Date "2024.04.20"]
[Round "8.2"]
[White "Mitrabha, Guha"]
[Black "Urazayev, Arystanbek"]
[Result "1-0"]
[ECO "B14"]
[WhiteElo "2537"]
[BlackElo "2471"]
[Annotator "TA"]
[PlyCount "87"]
[EventDate "2024.04.13"]
[EventType "swiss"]
[EventCountry "THA"]
[SourceTitle "playchess.com"]
[Source "ChessBase"]
[SourceQuality "1"]
[TimeControl "40/5400+30:1800+30"]

1. d4 d5 2. c4 e6 3. Nc3 c5 4. e3 Nf6 5. Nf3 Nc6 6. cxd5 exd5 7. Bb5 cxd4 8. exd4 Bd6 9. O-O O-O 10. Bg5 Be6 {[%emt 0:01:16] The position is equal.} 11. Re1 h6 12. Bh4 Rc8 13. Ne5 Be7 14. Qa4 Nxe5 15. dxe5 Nh7 16. Bxe7 Qxe7 17. Qxa7 Qb4 18. Bd3 (18. Qxb7 $2 d4 19. a3 (19. Nd5 $2 Bxd5 20. Qxd5 Rc5 $19) 19... Qb3 $19) 18... Ra8 19. Qe3 {[%emt 0:02:01] aiming for a3. White is more active.} d4 20. Qf4 Rfd8 21. Rab1 (21. Red1 $14) 21... Nf8 $1 $11 22. Red1 Bxa2 23. Nxa2 Rxa2 24. b3 Qe7 25. b4 Ne6 26. Qe4 Ng5 {[%emt 0:00:12] Prevents Qh7+} 27. Qe1 Ne6 28. Qe4 {[%emt 0:03:53] Inhibits Nf4.} Ng5 {[%emt 0:00:07] Prevents Qh7+.} 29. Qf5 g6 30. Qf4 Kg7 31. Bc4 Ra3 32. Rxd4 {[%emt 0:01:08][%cal Of4f6] [#] Threatens to win with Qf6+!} Rxd4 (32... Rf3 $1 $11 {keeps the balance.} 33. Qd2 (33. gxf3 Rxd4 34. Qf6+ Qxf6 $17) 33... Ne4) 33. Qxd4 $16 Ne6 34. Qb2 Ra8 35. h3 $36 {[%emt 0:00:27][%mdl 2048] White is more active.} Kh7 (35... Rd8 $14) 36. Qb3 ({Better is} 36. Rd1 $16) 36... Nf4 ({Black should try} 36... Nd4 $14 37. Qd3 Qxe5) 37. Re1 Qg5 $2 {[%emt 0:00:27][%mdl 8192] [#] This move loses the game for Black.} (37... Kg7 $16 {is a better defense.} 38. Re4 Ne6 39. Bxe6 Qxe6 40. Qxe6 Ra1+ 41. Kh2 fxe6) 38. Qf3 $1 $18 (38. Bxf7 $2 Qxg2#) 38... Kg7 39. g3 Rc8 40. Bb3 ({Stronger than} 40. Qxf4 Qxf4 41. gxf4 Rxc4 $11) 40... Nxh3+ 41. Kg2 Qd2 42. Qxf7+ Kh8 43. Qf6+ Kh7 44. Rd1 {[%emt 0:00:00] Weighted Error Value: White=0.10 (very precise) /Black=0.29 (precise) .  Loses game:     	---       	Black=1      Mistake:       	White=2     	Black=3      Inaccurate:     	White=3     	Black=6      OK:         	White=15    	Black=9      Best:        	White=1     	Black=3      Strong:       	White=1     	Black=1} 1-0

[Event "21st Bangkok CC Open 2024"]
[Site "Bangkok"]
[Date "2024.04.20"]
[Round "8.3"]
[White "Harsh Suresh"]
[Black "Pranesh M"]
[Result "1/2-1/2"]
[ECO "C28"]
[WhiteElo "2413"]
[BlackElo "2538"]
[Annotator "TA"]
[PlyCount "111"]
[EventDate "2024.04.13"]
[EventType "swiss"]
[EventCountry "THA"]
[SourceTitle "playchess.com"]
[Source "ChessBase"]
[SourceQuality "1"]
[TimeControl "40/5400+30:1800+30"]

1. e4 e5 2. Nc3 Nc6 3. Bc4 Nf6 4. d3 Na5 5. Bb3 Nxb3 6. axb3 d5 7. Nf3 {[%emt 0:01:00] C28: Vienna Game: 2...Nf6 3 Bc4 Nc6.} dxe4 8. dxe4 Bd6 $146 ({Predecessor:} 8... Qxd1+ 9. Kxd1 Bd6 10. Bg5 Nd7 11. Ke2 a6 12. Rhd1 Rb8 13. Nd2 b5 14. Nf1 Nc5 {1-0 Rapport,R (2738)-Laznicka,V (2670) Prague Masters 1st 2019 (4.1)}) 9. O-O h6 10. Nd2 Bg4 11. f3 Be6 12. Nc4 Bc5+ 13. Kh1 Nd7 14. Qe2 O-O 15. Be3 Bd4 16. Bxd4 exd4 17. Nb5 c5 18. Nxa7 Nb8 19. e5 Bd5 20. Nd6 b6 21. Nac8 Rxa1 22. Rxa1 Nc6 23. Qb5 Nxe5 24. Qxb6 Qxb6 25. Nxb6 Be6 (25... Rd8 $5 26. Ndc4 Bxc4 27. Nxc4 (27. bxc4 $2 {is the wrong capture.} Rb8 $17) 27... d3 28. cxd3 (28. Nxe5 $2 dxc2 29. h3 Rd1+ $19) 28... Nxd3 $11) 26. Ne4 Rb8 27. Na4 d3 28. cxd3 ({And not} 28. Nexc5 dxc2 29. Kg1 Bf5 $17 (29... Bxb3 30. Nxb3 Rxb3 31. Rc1 $11)) 28... Nxd3 29. Nexc5 Nxc5 30. Nxc5 Bxb3 31. Nxb3 Rxb3 32. Rb1 f5 33. Kg1 h5 34. Kf2 h4 35. h3 g5 36. Ke2 g4 37. hxg4 fxg4 38. fxg4 Kg7 39. Rh1 Rxb2+ 40. Kf3 Rb3+ 41. Kf4 Rb2 42. Rxh4 Rxg2 43. Rh5 Rf2+ 44. Kg3 Ra2 45. Rb5 Kg6 46. Kh4 Rh2+ 47. Kg3 Ra2 48. Rb6+ Kg5 49. Rb3 Rc2 50. Rb5+ Kg6 51. Ra5 Rb2 52. Kh4 Rh2+ 53. Kg3 Rb2 54. Ra6+ Kg5 55. Ra5+ Kg6 56. Ra6+ 1/2-1/2

[Event "21st Bangkok CC Open 2024"]
[Site "Bangkok"]
[Date "2024.04.20"]
[Round "8.4"]
[White "Makhnev, Denis"]
[Black "Deepan Chakkravarthy J."]
[Result "1-0"]
[ECO "D51"]
[WhiteElo "2516"]
[BlackElo "2428"]
[Annotator "TA"]
[PlyCount "53"]
[EventDate "2024.04.13"]
[EventType "swiss"]
[EventCountry "THA"]
[SourceTitle "playchess.com"]
[Source "ChessBase"]
[SourceQuality "1"]
[TimeControl "40/5400+30:1800+30"]

1. d4 Nf6 2. c4 e6 3. Nf3 d5 4. Nc3 c6 5. Bg5 Nbd7 6. e3 h6 7. Bh4 g5 8. Bg3 Nh5 9. cxd5 Nxg3 {[%emt 0:01:18] The position is equal.} 10. hxg3 {[%emt 0:00:06] [#] And now dxe6 would win.} exd5 11. Bd3 Bg7 12. Qc2 Nb6 13. O-O Be6 14. b4 O-O 15. Rab1 Nc4 16. Bxc4 dxc4 17. b5 g4 18. Nh4 {[%emt 0:01:09] Excellent horsemanship.} Qg5 ({Black should try} 18... Re8 $14) 19. bxc6 $16 bxc6 20. Ne4 Qd5 21. Nc5 Rfb8 22. Rbc1 {[%emt 0:25:40] White is more active.} Bc8 23. Rfd1 (23. Qxc4 Rb2 $16) 23... a5 (23... Rb4 24. e4 Qd8 25. a3) (23... Bf8 $16 24. e4 (24. Qxc4 Qxc4 25. Rxc4 Rb2 $16) 24... Qg5 25. Qxc4 Bxc5) 24. e4 $18 (24. Qxc4 $6 Qxc4 25. Rxc4 Bf8 $16) 24... Qg5 {[%emt 0:00:18] [#]} (24... Qd8 {keeps fighting.} 25. e5 (25. Qxc4 Rb4 $14) 25... Qd5) 25. e5 $1 (25. Qxc4 Rb4 26. Qc2 (26. Qc3 Bxd4 27. Rxd4 Rxd4 $11) 26... Bxd4 $14) 25... a4 26. a3 ({Don't play} 26. Nxa4 $6 Bf8 27. Nc3 (27. Qxc4 Rb4 $17) 27... Be6 $16) (26. Qxc4 a3 27. Re1 Bf5 28. Nxf5 Qxf5 $18) 26... Ra7 27. Qxc4 {[%emt 0:44:08] Weighted Error Value: White=0.04 (flawless) /Black=0.23 (precise) .  Mistake:       	---       	Black=3      Inaccurate:     	White=1     	Black=1      OK:         	White=11    	Black=6      Strong:       	White=1     	---} ({Don't take} 27. Nxa4 Qd8 28. Nb2 (28. Qxc4 Be6 $14) 28... Rxb2 29. Qxb2 Be6 $18) 1-0

[Event "21st Bangkok CC Open 2024"]
[Site "Bangkok"]
[Date "2024.04.20"]
[Round "8.5"]
[White "Lalit Babu M R"]
[Black "Pham Tran Gia Phuc"]
[Result "1/2-1/2"]
[ECO "E39"]
[WhiteElo "2508"]
[BlackElo "2423"]
[Annotator "TA"]
[PlyCount "120"]
[EventDate "2024.04.13"]
[EventType "swiss"]
[EventCountry "THA"]
[SourceTitle "playchess.com"]
[Source "ChessBase"]
[SourceQuality "1"]
[TimeControl "40/5400+30:1800+30"]

1. d4 Nf6 2. c4 e6 3. Nc3 Bb4 4. Qc2 c5 5. dxc5 O-O 6. a3 Bxc5 7. Nf3 b6 8. Bf4 Bb7 9. Rd1 Nc6 10. e3 Nh5 11. Bg5 Be7 12. h4 Nf6 13. Bxf6 Bxf6 14. Ng5 g6 15. Nge4 Bg7 16. h5 Qe7 17. hxg6 hxg6 18. f4 f5 19. Nd6 Nd4 20. Rxd4 Bxd4 21. Nxb7 Bxe3 22. Ne2 e5 23. g4 d5 24. Bg2 d4 25. gxf5 exf4 26. c5 Kg7 27. Nd6 Rh8 28. Rf1 Raf8 29. Qe4 Qxe4 30. Bxe4 bxc5 31. fxg6 Rh5 (31... f3 $11) 32. Kd1 d3 33. Nc3 (33. Bxd3 $2 Rd5 34. Nf5+ Rfxf5 $19) (33. Nc1 $5) 33... Rh2 34. Nc4 $1 (34. Bxd3 $2 Rd2+ (34... Rxb2 $2 35. Nf5+ Rxf5 36. Bxf5 $18) 35. Ke1 Rxd3 $19) (34. Nf5+ $2 Rxf5 35. Bxf5 c4 $19) 34... Re8 $1 35. Re1 (35. Bxd3 $2 Rd8 36. Nxe3 Rxd3+ 37. Kc1 fxe3 $19 (37... Rxe3 $2 38. Rxf4 Re1+ 39. Nd1 $19)) 35... d2 {[%emt 0:00:27] [#]} (35... Bf2 $11 36. Rf1 Be3) 36. Rf1 $1 $16 (36. Nxe3 $2 dxe1=Q+ (36... dxe1=R+ $2 37. Kxe1 fxe3 38. b3 $19) 37. Kxe1 fxe3 $19) 36... Re6 (36... Bf2 $16 37. a4 (37. Nxd2 Bd4 $16) 37... Re7) 37. Bd3 (37. Nxe3 $6 fxe3 38. Rf7+ Kh8 $14) 37... Bd4 38. Ne2 (38. Rxf4 $2 Re1+ 39. Kc2 d1=Q#) (38. Nxd2 $6 Rd6 39. Nc4 (39. Rxf4 $2 Bxc3 40. Rf7+ Kg8 $19) 39... Bxc3 40. Nxd6 Rd2+ 41. Kc1 Rxd3 42. Ne8+ (42. Rxf4 Bd2+ 43. Kc2 Rxd6 $15) 42... Kxg6 $16) 38... Be3 39. Nc3 (39. Nxf4 $2 Bxf4 40. Bf5 Re8 $19) (39. Nxd2 $2 Rd6 40. Ke1 (40. Kc2 $2 Rxe2 41. Bxe2 Rxd2+ 42. Kc3 Rxe2 $19) 40... Rxd3 $19) (39. Kc2 $18 {is more deadly.}) 39... Bd4 $1 $16 40. Ne4 (40. Rxf4 $2 Re1+ 41. Kc2 d1=Q#) 40... Rxg6 41. Nexd2 ({Much weaker is} 41. Ncxd2 Bxb2 42. Rxf4 (42. Nxc5 Rc6 $11) 42... Rg1+ 43. Nf1 (43. Kc2 Bxa3 44. Bc4 Bb4 $11) 43... Bxa3 $11) (41. Rxf4 $16 Rh1+ 42. Bf1 (42. Kxd2 Rg2+ 43. Be2 Rhh2 $17) 42... Bxb2 43. Nxb2) 41... Rg1 $14 42. Rxg1+ Bxg1 43. Nf3 Rg2 44. Be4 Be3 45. Ne1 Rh2 46. Nxe3 fxe3 47. Ng2 Kf6 48. Ke2 (48. Nxe3 Rxb2 49. Bd5 Ke7) 48... Ke5 49. Kxe3 (49. Kd3 {is more complex.} Rh3 50. Ba8 c4+ 51. Kxc4 e2 52. Ne1) 49... Rh1 50. a4 Ra1 51. Bc2 Ra2 52. Ne1 c4 $1 53. Kd2 Rxb2 54. Kc3 Rb8 55. Kxc4 Kd6 56. Nd3 Rc8+ 57. Kb3 Rb8+ 58. Kc3 Rc8+ 59. Kb3 Rb8+ 60. Kc3 Rc8+ 1/2-1/2

[Event "21st Bangkok CC Open 2024"]
[Site "Bangkok"]
[Date "2024.04.20"]
[Round "8.6"]
[White "Sengupta, Deep"]
[Black "Danilenko, Dmitriy"]
[Result "1/2-1/2"]
[ECO "D02"]
[WhiteElo "2500"]
[BlackElo "2400"]
[Annotator "TA"]
[PlyCount "58"]
[EventDate "2024.04.13"]
[EventType "swiss"]
[EventCountry "THA"]
[SourceTitle "playchess.com"]
[Source "ChessBase"]
[SourceQuality "1"]
[TimeControl "40/5400+30:1800+30"]

1. d4 d5 2. Bf4 Nf6 3. e3 e6 4. Nf3 c5 5. Nbd2 Bd6 6. Bb5+ Nc6 7. dxc5 Bxc5 {[%emt 0:00:29] The position is equal.} 8. O-O O-O 9. c4 Qb6 10. a3 Be7 11. b4 a5 12. bxa5 Qxa5 13. a4 Rd8 14. Qc2 Bd7 15. Nb3 Qa7 16. Ne5 Be8 17. Rfc1 Nb4 18. Qe2 dxc4 19. Qxc4 Nbd5 20. Bg3 Nh5 21. Bxe8 Rxe8 22. Nd4 Nxg3 23. hxg3 Bf6 24. Ndf3 Nxe3 25. Qc7 Re7 26. Qc8+ Re8 $1 27. Qc7 Re7 28. Qc8+ Re8 $1 29. Qc7 Re7 {[%emt 0:00:11] An uneventful encounter.   Weighted Error Value: White=0.02 (flawless) /Black=0.03 (flawless) .  OK:         	White=16    	Black=12     Best:        	---       	Black=1      Strong:       	---       	Black=2} 1/2-1/2

[Event "21st Bangkok CC Open 2024"]
[Site "Bangkok"]
[Date "2024.04.20"]
[Round "8.7"]
[White "Srihari L R"]
[Black "Ritviz, Parab"]
[Result "1-0"]
[ECO "D38"]
[WhiteElo "2482"]
[BlackElo "2346"]
[Annotator "TA"]
[PlyCount "73"]
[EventDate "2024.04.13"]
[EventType "swiss"]
[EventCountry "THA"]
[SourceTitle "playchess.com"]
[Source "ChessBase"]
[SourceQuality "1"]
[TimeControl "40/5400+30:1800+30"]

1. d4 d5 2. c4 e6 3. Nf3 Nf6 4. Nc3 Bb4 5. Qa4+ Nc6 6. a3 Bxc3+ 7. bxc3 O-O 8. Bg5 h6 9. Bh4 Bd7 {[%emt 0:15:07][%cal Oc6d4] White must now prevent ...Nxd4! The position is equal.} 10. Qc2 Na5 11. cxd5 exd5 12. e3 Rc8 13. Bd3 c5 14. Qb1 Rc6 (14... g5 $5 15. Bg3 $8 Ne4 $11) 15. O-O Rb6 16. Qe1 c4 17. Bc2 Qc8 18. Bxf6 Rxf6 19. Ne5 Bf5 20. Bxf5 Qxf5 21. f3 Re8 22. Qe2 Nc6 23. e4 Qc8 24. Ng4 (24. exd5 Nxe5 25. dxe5 Qc5+ 26. Qf2 Qxf2+ 27. Kxf2 Rxe5) 24... Rg6 25. e5 $36 {[%emt 0:00:31][%mdl 2048] White has the initiative.} f6 26. Qc2 Rxg4 {[%emt 0:00:14] Loses the game.} (26... Kf7 $1 $11) 27. fxg4 $18 fxe5 {[%emt 0:01:23] [#]} 28. Qg6 $1 Qd7 {[%emt 0:00:44] Against Rf7} 29. Rae1 Re6 30. Qf5 Qe8 {[%emt 0:00:29] Wards off Qf8+} 31. dxe5 Nxe5 {[%emt 0:00:27] [#]} (31... b6 $142 32. Re3 Rxe5 33. Rxe5 (33. Rfe1 $2 Rxe3 34. Qxd5+ Kh7 $19) 33... Nxe5) 32. Re3 $1 {[%emt 0:00:31] Threatens to win with Rfe1.} g6 33. Qf4 {[%emt 0:00:49][%cal Of1e1] Rfe1! is the strong threat. White is clearly winning.} Nd7 34. Rxe6 Qxe6 35. Qxh6 Qxg4 (35... b5 $142 36. Qd2 a6) 36. Qe3 Qe4 37. Qxa7 {[%emt 0:00:36] Weighted Error Value: White=0.03 (flawless) /Black=0.28 (precise) .  Loses game:     	---       	Black=1      Mistake:       	---       	Black=2      Inaccurate:     	---       	Black=2      OK:         	White=19    	Black=14     Best:        	White=2     	---        Strong:       	White=1     	---} 1-0

[Event "21st Bangkok CC Open 2024"]
[Site "Bangkok"]
[Date "2024.04.20"]
[Round "8.8"]
[White "Quizon, Daniel"]
[Black "Manon, Reja Neer"]
[Result "0-1"]
[ECO "A36"]
[WhiteElo "2441"]
[BlackElo "2285"]
[Annotator "TA"]
[PlyCount "86"]
[EventDate "2024.04.13"]
[EventType "swiss"]
[EventCountry "THA"]
[SourceTitle "playchess.com"]
[Source "ChessBase"]
[SourceQuality "1"]
[TimeControl "40/5400+30:1800+30"]

1. c4 Nf6 2. Nc3 g6 3. e4 d6 4. g3 Bg7 5. Bg2 c5 6. Nge2 Nc6 7. d3 Nd4 8. h3 h5 9. Bg5 Nh7 {[%emt 0:07:54] The position is equal.} 10. Be3 e5 11. f4 Be6 12. Rb1 O-O 13. O-O Qd7 14. Kh2 Rab8 15. b4 b6 16. Nd5 f5 17. fxe5 {[%emt 0:09:03] Black must now prevent bxc5.} dxe5 18. exf5 gxf5 ({Black should try} 18... Nxf5 $14 19. bxc5 Nxe3 20. Nxe3 bxc5) 19. Nxd4 (19. bxc5 $16 {Threatens to win with Nxd4.} bxc5 20. Rxb8 Rxb8 21. Nxd4 cxd4 22. Bc1) 19... cxd4 $11 20. Bd2 h4 21. gxh4 (21. g4 $11 {remains equal.}) 21... b5 $1 $17 22. h5 (22. Rb3 $15) 22... bxc4 23. dxc4 f4 {[%emt 0:00:47] [#]} ({Better is} 23... Kh8 $15) 24. h6 $1 $14 Bxh6 25. Qh5 Qg7 {[%emt 0:02:06] [#]} 26. Ne7+ $2 Qxe7 $19 27. Qxh6 Rf6 $1 (27... Bxc4 28. Rg1 Kh8 (28... Bxa2 $2 29. Bd5+ Kh8 30. Bxa2 $18) 29. Be4 $11) 28. Qh4 {[%emt 0:00:02] [#] And now Be4 would win.} Qg7 $2 (28... Bxc4 29. Rg1 Kh8 (29... Bxa2 $2 30. Bd5+ Kh8 31. Bxa2 $18) 30. Be4 $16) (28... Kh8 $1 $19 {[%cal Oe7g7] aiming for ...Qg7!} 29. Rbe1 (29. Be4 $2 Qg7 $19) 29... Qg7 (29... Bxc4 30. Rxf4 Qd6 31. Rxf6 $16)) 29. Bd5 $1 $11 {[%emt 0:01:32] Rg1 is the strong threat.} Kh8 30. Bxe6 Rxe6 31. Rg1 Rh6 {[%emt 0:02:00] The board is on fire. Black is more active.} 32. Rxg7 Rxh4 33. Rbg1 Nf6 $36 {[%emt 0:01:30][%mdl 2048] Black is more active.} (33... Rf8 $5 34. Be1 $8 (34. Rxa7 Rh5 $17) 34... Rh6 35. Rxa7 e4 $11) 34. Rxa7 Rh7 35. Rxh7+ Kxh7 {[%emt 0:00:00][%mdl 4096] Endgame. KRB-KRN} 36. Re1 {[%emt 0:00:01][%mdl 8192] [#] Against Ne4} (36. b5 $15) 36... Ra8 $1 $19 37. Ra1 ({Reject} 37. Rxe5 Rxa2 38. Re2 d3 $19) (37. a4 $142 Rxa4 38. Kg2 (38. Rxe5 $2 {is the wrong capture.} Ra2 $19)) 37... Ne4 38. Be1 d3 {[%emt 0:00:34] Strongly threatening ...f3.} 39. c5 d2 40. Bxd2 Nxd2 41. b5 f3 {[%emt 0:11:15] ( -> ...Rg8)} 42. c6 Rg8 43. Kh1 f2 {[%emt 0:00:36] Weighted Error Value: White=0.71/Black=0.28 (precise) .  Loses game:     	White=2     	---        Missed win:     	---       	Black=1      Mistake:       	White=4     	Black=2      Inaccurate:     	White=2     	Black=4      OK:         	White=12    	Black=8      Best:        	White=2     	Black=3      Strong:       	White=1     	Black=2      Brilliant:      	White=1     	---} 0-1

[Event "21st Bangkok CC Open 2024"]
[Site "Bangkok"]
[Date "2024.04.20"]
[Round "8.9"]
[White "Cao, Qingfeng"]
[Black "Morris, James"]
[Result "0-1"]
[ECO "E11"]
[WhiteElo "2038"]
[BlackElo "2432"]
[Annotator "TA"]
[PlyCount "104"]
[EventDate "2024.04.13"]
[EventType "swiss"]
[EventCountry "THA"]
[SourceTitle "playchess.com"]
[Source "ChessBase"]
[SourceQuality "1"]
[TimeControl "40/5400+30:1800+30"]

1. d4 Nf6 2. c4 e6 3. Nf3 Bb4+ 4. Nbd2 b6 5. a3 Bxd2+ 6. Bxd2 Bb7 7. e3 d6 8. Be2 Ne4 9. O-O {[%emt 0:02:41] White has an edge.} Nd7 10. b4 O-O 11. Qc2 Qe7 12. Rab1 c5 13. Rfd1 Nxd2 14. Qxd2 {[%emt 0:03:41] And now dxc5 would win.} Nf6 15. a4 Rac8 16. bxc5 dxc5 17. a5 Bxf3 18. Bxf3 cxd4 19. exd4 Rxc4 20. axb6 axb6 21. Rxb6 Rd8 22. Qb2 h6 23. h3 Qc7 24. Rb4 Rc2 25. Qb3 Rc3 26. Qb2 Rc8 27. Qd2 Qd6 28. Rb7 Rc2 29. Qe3 Rd8 30. Qb3 {[%emt 0:04:04] Against Rc4} Rcc8 31. Rb5 Rb8 32. Rxb8 Rxb8 33. Qc3 Rd8 34. Qc5 (34. g3 $11) 34... Qxc5 $1 $15 35. dxc5 Rxd1+ 36. Bxd1 {[%emt 0:00:01][%mdl 4096] Endgame. KB-KN} Kf8 37. f4 Ke7 38. Bf3 Nd7 39. c6 Nb6 40. Kf2 Kd6 41. g4 Nd5 42. f5 Kxc6 {[%emt 0:00:09] aiming for ...Kc5.} 43. h4 $2 {[%emt 0:00:41][%mdl 8192] This move loses the game for White.} (43. fxe6 $15 fxe6 44. g5) 43... exf5 $19 44. gxf5 {[%emt 0:00:02] [#]} Kd6 $1 45. Kg3 {[%emt 0:01:08] [#]} Ke5 $1 46. Bxd5 Kxd5 {[%emt 0:00:03] K3P-KPP. Black mates.} 47. Kf4 Kd4 48. Kg4 Ke5 49. Kh5 Kf4 50. f6 gxf6 51. Kxh6 Kg4 52. Kg7 f5 {[%emt 0:00:03] Weighted Error Value: White=0.36/Black=0.04 (flawless) .  Loses game:     	White=1     	---        Mistake:       	White=1     	---        Inaccurate:     	White=2     	Black=1      OK:         	White=15    	Black=13     Best:        	White=1     	Black=1      Strong:       	---       	Black=1} ({Inferior is} 52... Kxh4 53. Kxf6 Kh5 54. Kxf7 $11) 0-1

[Event "21st Bangkok CC Open 2024"]
[Site "Bangkok"]
[Date "2024.04.20"]
[Round "8.10"]
[White "Sek, Konstantin"]
[Black "Peng, Xiongjian"]
[Result "*"]
[ECO "C01"]
[WhiteElo "2397"]
[BlackElo "2521"]
[Annotator "TA"]
[PlyCount "20"]
[EventDate "2024.04.13"]
[EventType "swiss"]
[EventCountry "THA"]
[SourceTitle "playchess.com"]
[Source "ChessBase"]
[SourceQuality "1"]
[TimeControl "40/5400+30:1800+30"]

1. e4 e6 2. d4 d5 3. exd5 exd5 4. Nf3 Nc6 5. c3 Bd6 6. Bd3 Bg4 7. h3 {[%emt 0:01:21] The position is equal.} Bh5 8. Be3 Nge7 9. Nbd2 Qd7 10. Qc2 Bg6 {[%emt 0:05:09] Not much happened in this game.   Weighted Error Value: White=0.10 (very precise) /Black=0.00 (flawless) .  OK:         	---       	Black=1} *

[Event "21st Bangkok CC Open 2024"]
[Site "Bangkok"]
[Date "2024.04.21"]
[Round "9.1"]
[White "Makhnev, Denis"]
[Black "Bernadskiy, Vitaliy"]
[Result "1/2-1/2"]
[ECO "D80"]
[WhiteElo "2516"]
[BlackElo "2561"]
[Annotator "TA"]
[PlyCount "26"]
[EventDate "2024.04.13"]
[EventType "swiss"]
[EventCountry "THA"]
[SourceTitle "playchess.com"]
[Source "ChessBase"]
[SourceQuality "1"]
[TimeControl "40/5400+30:1800+30"]

1. d4 Nf6 2. c4 g6 3. Nc3 d5 4. Bg5 Ne4 5. Bf4 Nxc3 6. bxc3 Bg7 7. e3 O-O 8. Nf3 c5 9. cxd5 cxd4 10. cxd4 Qxd5 11. Be2 Nc6 12. O-O Bf5 13. Bg3 Rac8 {[%emt 1:24:58] A rather calm draw.   Weighted Error Value: White=0.14 (very precise) /Black=0.09 (flawless) .  OK:         	---       	Black=1} 1/2-1/2